 Dungeon Crawl Stone Soup version 0.31-a0-865-g3d5d91748a (webtiles) character file.

Game seed: 867194874906189117

983 lunkers the Martial Artist (level 8, -8/57 HPs)
             Began as a Meteoran Shapeshifter on Oct 10, 2023.
             Was an Initiate of Okawaru.
             Mangled by an ogre
             ... wielding a +0 giant club
              (19 damage)
             ... on level 5 of the Dungeon.
             The game lasted 00:05:35 (2678 turns).

lunkers the Martial Artist (Meteoran Shapeshifter)  Turns: 2678, Time: 00:05:36

Health: -8/57      AC:  7    Str: 15    XL:     8   Next: 68%
Magic:  9/9        EV: 11    Int: 13    God:    Okawaru [......]
Gold:   208        SH:  0    Dex: 15    Spells: 7/7 levels left

rFire   . .          .
                       - Unarmed
rCold   . . .        (shield currently unavailable)
rNeg    . . .        h - +0 ring mail
rPois   .            f - +1 helmet
rElec   .            (no cloak)
rCorr   .            (no gloves)
SInv    .            (no boots)
Will    +....        (no amulet)
Stlth   +            (no ring)
HPRegen 0.29/turn    (no ring)
MPRegen 0.11/turn

%: no passive effects
@: flux-form, glowing
A: glow, contaminating, reduced hp, sense surroundings 1, otherworldly, glowing,
explore regen
a: Begin Untransformation, Renounce Religion


You were on level 5 of the Dungeon.
You worshipped Okawaru.
Okawaru was noncommittal.
You were something dangerously unstable.
You visited 2 branches of the dungeon, and saw 6 of its levels.
You also visited: Ossuary.

You collected 208 gold pieces.

Inventory:

Missiles
 o - a throwing net
Armour
 f - a +1 helmet (worn)
 h - a +0 ring mail (worn)
Jewellery
 m - a ring of ice
Talismans
 c - a beast talisman
 d - a flux talisman (active)
Wands
 a - a wand of acid (9)
 k - a wand of polymorph (5)
 l - a wand of flame (16)
Scrolls
 g - 2 scrolls of fear
Potions
 e - a potion of mutation
 i - a potion of heal wounds
 j - 5 potions of invisibility
 n - 3 potions of curing
 r - a potion of cancellation {unknown}
 s - a potion of brilliance {unknown}
 u - a potion of haste {unknown}
 v - a potion of might {unknown}


   Skills:
 + Level 1.5 Fighting
 + Level 2.6 Dodging
 * Level 9.4 Unarmed Combat
 + Level 1.2 Invocations
 + Level 6.7 Shapeshifting


You had 7 spell levels left.
You didn't know any spells.
Your spell library contained the following spells:

 Spells                   Type           Power      Damage    Failure   Level
 Freeze                   Ice            0%         1d3       52%         1
 Frozen Ramparts          Ice            0%         1d1       88%         3
 Hailstorm                Conj/Ice       0%         3d3       88%         3
 Inner Flame              Hex/Fire       0%         N/A       88%         3
 Flame Wave               Conj/Fire      0%         2d4       99%         4
 Sticky Flame             Conj/Fire      0%         2d3       99%         4


Dungeon Overview and Level Annotations

Branches:
Dungeon (5/15) Zot: 738    Temple (1/1) D:4 Zot: 543 Ossuary (visited)

Altars:
Ashenzari
Cheibriados
Dithmenos
Elyvilon
Hepliaklqana
Kikubaaqudgha
Makhleb
Nemelex Xobeh
Okawaru
Qazlal
Ru
Sif Muna
Trog
Uskayaw
Vehumet
Wu Jian
Xom
Yredelemnul
Zin
The Shining One

Shops:
D:2 *


Innate Abilities, Weirdness & Mutations

You are something dangerously unstable.
You glow with magical radiation, making you easy to see and hit.
Foes you strike become dangerously contaminated with magical radiation.
Your maximum health is decreased, since you lack skill for your form.
You are incapable of wielding weapons or throwing items.
You passively map a small area around you.
You are easily found by Zot.
You glow in the dark.
You regain HP and MP as you explore.


Message History

You hit the white imp.
You kill the white imp!
Okawaru accepts your kill.
You hit the orc.
The orc begins to glow.
The orc is heavily wounded.
The orc hits you with a +0 short sword.
* * * LOW HITPOINT WARNING * * *
You punch the orc!
You kill the orc!
Okawaru accepts your kill.
You punch the iguana!
The iguana begins to glow.
The iguana is heavily wounded.
The iguana closely misses you.
You hit the iguana but do no damage.
The iguana glows dangerously bright.
The iguana is heavily wounded.
You hit the iguana.
The iguana shudders as magic cascades through it.
The iguana twists and deforms.
The iguana is almost dead.
The iguana bites you but does no damage.
You hit the iguana.
You kill the iguana!
Okawaru accepts your kill.
You hit the ogre but do no damage.
The ogre glows dangerously bright.
The ogre is lightly wounded.
The ogre hits you with a +0 giant club!!
* * * LOW HITPOINT WARNING * * *
You hit the ogre.
The ogre shudders as magic cascades through it.
The ogre twists and deforms.
The ogre is heavily wounded.
You barely miss the ogre.
The ogre is heavily wounded.
The ogre barely misses you.
You closely miss the ogre.
The ogre is heavily wounded.
You barely miss the ogre.
The ogre is heavily wounded.
The ogre hits you with a +0 giant club!!
You die...

............##..........#
............##.....##...##
......).....##.....####..#
,............##.....# ##.#
..................## #..
..................# ##. ,
..#......l##......# #.
.,#######O##......# ###. *
, , * #p##......# #...
................# #.#.
................# #.#. ,
................# #... *
..............., #### ,
,...............
..........##### * ###
########### * , .... , ,
*####


You could see an ogre (misshapen) and an iguana.

Vanquished Creatures
  Pikel (D:4)
  An ogre (D:4)
  A lemure (D:4)
  2 hounds (D:5)
  An iguana (D:5)
  2 orc wizards (D:4)
  14 mummies
  5 adders
  A white imp (D:5)
  A worm (D:2)
  A dart slug (D:1)
  5 orcs
  4 bats
  2 endoplasms
  2 giant cockroaches (D:1)
  6 goblins
  4 hobgoblins
  4 jackals (D:3)
  A kobold (D:2)
  3 quokkas
  8 ball pythons
  3 frilled lizards
  3 gnoll skeletons (Ossuary)
  A goblin skeleton (Ossuary)
  4 orc skeletons (Ossuary)
  4 rats
  11 rat skeletons (Ossuary)
95 creatures vanquished.

Vanquished Creatures (others)
  An orc (D:4)
1 creature vanquished.

Grand Total: 96 creatures vanquished

Notes
Turn   | Place    | Note
-------+----------+-------------------------------------------
     0 | D:1      | lunkers the Meteoran Shapeshifter began the quest for the
                  | Orb.
     0 | D:1      | Reached XP level 1. HP: 16/16 MP: 2/2
    51 | D:1      | Reached skill level 4 in Unarmed Combat
    51 | D:1      | Reached XP level 2. HP: 21/23 MP: 3/3
   274 | D:1      | Reached XP level 3. HP: 13/28 MP: 4/4
   719 | D:2      | Reached skill level 5 in Unarmed Combat
   719 | D:2      | Reached XP level 4. HP: 33/35 MP: 5/5
   725 | D:2      | Found Henleuph's General Store.
   763 | D:2      | Found a broken altar of Ashenzari.
  1209 | D:3      | Reached XP level 5. HP: 40/40 MP: 6/6
  1410 | D:4      | Noticed a lemure
  1410 | D:4      | Noticed a lemure
  1410 | D:4      | Noticed a lemure
  1410 | D:4      | Noticed an ogre
  1411 | D:4      | Noticed Pikel
  1411 | D:4      | Noticed a lemure
  1420 | D:4      | Killed a lemure
  1431 | D:4      | Killed Pikel
  1432 | D:4      | Reached skill level 8 in Unarmed Combat
  1432 | D:4      | Reached XP level 6. HP: 47/47 MP: 7/7
  1432 | D:4      | Reached XP level 7. HP: 52/52 MP: 8/8
  1437 | D:4      | Reached XP level 8. HP: 59/59 MP: 9/9
  1490 | D:4      | Found a sand-covered staircase.
  1501 | Ossuary  | Entered an ossuary
  1646 | Ossuary  | Reached skill level 9 in Unarmed Combat
  2338 | D:4      | Found a staircase to the Ecumenical Temple.
  2347 | Temple   | Entered the Ecumenical Temple
  2370 | Temple   | Became a worshipper of Warmaster Okawaru
  2498 | D:5      | Entered Level 5 of the Dungeon
  2642 | D:5      | Reached skill level 1 in Invocations
  2678 | D:5      | Mangled by an ogre

Illustrated notes

Levels and vault maps discovered:
D:1:      mrwooster_arrival_statue, layout_loops_ring, serial_bayou_pond_a,
          minmay_pentomino_v2
D:2:      layout_basic, basic_altar, serial_shops, shop
D:3:      layout_loops_corners
D:4:      layout_cave_pods, minmay_temple_entry_antechambers,
          gup_ossuary_entry_pyramid, minmay_misc_feat_enclosed, uniq_pikel
D:5:      layout_basic, st_stairs_9, uniq_edmund, uniq_blork_the_orc
Temple:   nicolae_temple_bog_church

Skill      XL: |  1  2  3  4  5  6  7  8 |
---------------+-------------------------+-----
Unarmed Combat | 4 5 8 9 |  9.4
Shapeshifting  | 4 6 |  6.7
Invocations    | 1 |  1.2
Fighting       | |  1.5
Dodging        | |  2.6

Action                     |  1- 3 |  4- 6 |  7- 9 || total
---------------------------+-------+-------+-------++-------
  Melee: Unarmed           |    85 |    47 |   148 ||   280
         Punch             |       |       |     7 ||     7
    Use: Potion            |       |     1 |       ||     1
         Scroll            |       |       |    13 ||    13
 Armour: Animal skin       |    46 |    14 |    27 ||    87
         Skin              |       |    10 |     1 ||    11
         Ring mail         |       |       |    30 ||    30
  Dodge: Dodged            |    47 |    20 |    71 ||   138
   Form: Flux              |       |       |     1 ||     1

Table legend: (Time is in decaauts)
 A = Elapsed time spent in this place.
 B = Non-inter-level travel time spent in this place.
 C = Inter-level travel time spent in this place.
 D = Time resting spent in this place.
 E = Time spent auto-exploring this place.
 F = Levels seen in this place.
 G = Mean time per level.
                   A        B        C        D        E       F      G
               +--------+--------+--------+--------+--------+-----+--------+
         Total |   2643 |   2487 |    156 |     60 |   1730 |   7 |  377.6 |
       Dungeon |   2261 |   2126 |    135 |     32 |   1582 |   5 |  452.2 |
        Temple |     56 |     36 |     20 |      0 |      0 |   1 |   56.0 |
       Ossuary |    325 |    325 |      0 |     28 |    148 |   1 |  325.0 |
               +--------+--------+--------+--------+--------+-----+--------+

Top non-repeatable levels by time:
     D:4: 804 daAuts
     D:3: 453 daAuts
     D:2: 436 daAuts
     D:1: 391 daAuts
 Ossuary: 325 daAuts
     D:5: 174 daAuts
  Temple: 56 daAuts
